 Dungeon Crawl Stone Soup version 0.17-a0-1545-gc1bb672 (console) character file.

990 hyperkellhus the Martial Artist (level 8, -8/46 HPs)
             Began as a Kobold Monk on July 18, 2015.
             Was a Believer of Dithmenos.
             Mangled by an orc warrior
             ... wielding a +2 war axe of chopping
              (22 damage)
             ... on level 6 of the Dungeon.
             The game lasted 00:12:37 (7226 turns).

hyperkellhus the Martial Artist (Kobold Monk)       Turns: 7226, Time: 00:12:37

Health: -8/46      AC:  2    Str: 12    XL:     8   Next: 41%
Magic:  8/8        EV: 16    Int:  8    God:    Dithmenos [**....]
Gold:   254        SH:  0    Dex: 18    Spells: 0 memorised, 7 levels left

rFire  . . .     SeeInvis .     b - +0 blowgun
rCold  . . .     Clarity  .     a - +0 robe
rNeg   + . .     SustAt   +     (shield restricted)
rPois  .         Gourm    .     (helmet restricted)
rElec  +         Spirit   .     (no cloak)
rCorr  .         Warding  +     (no gloves)
rMut   .         Stasis   .     (no boots)
MR     +....                    l - amulet of warding
Stlth  +++.......               (no ring)
                                g - ring of sustain attributes

@: wreathed by umbra, somewhat resistant to hostile enchantments, fairly
stealthy
A: horns 1, carnivore 3, magic resistance 1, electricity resistance
a: Shadow Step, Renounce Religion


You were on level 6 of the Dungeon.
You worshipped Dithmenos.
Dithmenos was pleased with you.
You were completely stuffed.

You visited 2 branches of the dungeon, and saw 7 of its levels.

You collected 293 gold pieces.
You spent 39 gold pieces at shops.

Inventory:

Hand weapons
 b - a +0 blowgun (weapon)
Missiles
 q - 29 poisoned needles (quivered)
Armour
 a - a +0 robe (worn)
 m - a +0 helmet
Magical staves
 x - an uncursed staff of fire {unknown}
Jewellery
 g - a ring of sustain attributes (left hand)
 l - an amulet of warding (around neck)
Magical devices
 o - a wand of polymorph (7)
Scrolls
 c - 2 scrolls of fog {unknown}
 i - 3 scrolls of remove curse {unknown}
 j - 3 scrolls of teleportation {unknown}
 p - 3 scrolls of identify {unknown}
 s - a scroll of magic mapping {unknown}
 u - 2 scrolls of fear {unknown}
 v - 2 scrolls of immolation {unknown}
 y - a scroll of recharging {unknown}
 C - a scroll of enchant armour {unknown}
 F - a scroll of noise {unknown}
Potions
 h - 4 potions of curing
 k - a potion of berserk rage {unknown}
 t - a potion of poison {unknown}
 w - 4 potions of heal wounds
 z - a potion of cancellation {unknown}
 B - a potion of lignification {unknown}
 E - a potion of ambrosia {unknown}
Comestibles
 n - a beef jerky
 A - 2 meat rations
 D - 6 chunks of flesh


   Skills:
 - Level 3.2 Fighting
 - Level 3.6 Dodging
 - Level 2.6 Stealth
 + Level 10.0 Unarmed Combat


You had 7 spell levels left.
You didn't know any spells.

Dungeon Overview and Level Annotations

Branches:
Dungeon (6/15)             Temple (1/1) D:5

Altars:
Ashenzari
Cheibriados
Dithmenos
Elyvilon
Fedhas
Gozag
Kikubaaqudgha
Nemelex Xobeh
Ru
Sif Muna
Trog
Vehumet
Xom

Shops:
D:4 !?*

Annotations:
D:2 exclusion: adder
D:3 exclusion: 2 downstairs


Innate Abilities, Weirdness & Mutations

You are small and have problems with some larger weapons.
You are carnivorous and can eat meat at any time.
You have a pair of small horns on your head.
You are resistant to hostile enchantments.
You are resistant to electric shocks.


Message History

The poisoned needle hits the orc warrior!
The orc warrior looks even sicker.
The orc warrior is moderately wounded.
Dithmenos accepts your kill.
You feel a bit more experienced.
Firing (i - inventory):
q - 31 poisoned needles (quivered)
Press: ? - help, Shift-Dir - straight line, f/p - orc warrior
Aim: an orc warrior, wielding a war axe of chopping and wearing a chain mail (severely wounded, poisoned, umbra)
You shoot a poisoned needle.
The poisoned needle closely misses the orc warrior.
The poisoned needle closely misses the necrophage.
The orc warrior hits you with a war axe of chopping!!
Firing (i - inventory):
q - 30 poisoned needles (quivered)
Press: ? - help, Shift-Dir - straight line, f/p - orc warrior
Aim: an orc warrior, wielding a war axe of chopping and wearing a chain mail (severely wounded, poisoned, umbra)
You shoot a poisoned needle.
The poisoned needle barely misses the orc warrior.
The poisoned needle hits the necrophage!
The orc warrior hits you with a war axe of chopping!!
You die...

#)..# #.. .....
#.(## ### .#...
##..# .....
#...# .#...
#.#.# #.#.#
#.#n# #.#o#
#.#@# #.#.## #
#....#####....
#..........#
##.....#####...
#.......#
##.....##
##...## ##..#


You could see an orc warrior and a necrophage.

Vanquished Creatures
  Sigmund (D:4)
  Edmund (D:4)
  An ogre (D:6)
  Blork the orc (D:4)
  2 crimson imps
  A giant frog zombie (D:5)
  2 orc priests
  An iguana (D:6)
  4 orc wizards
  A hound (D:3)
  3 worker ants
  4 adders
  A shadow imp (D:5)
  An ooze (D:1)
  An adder zombie (D:5)
  6 giant geckos
  5 orcs
  17 goblins
  10 hobgoblins
  13 jackals
  9 kobolds
  4 quokkas
  11 bats
  6 giant cockroaches
  A giant cockroach zombie (D:5)
  6 giant newts
  11 rats
124 creatures vanquished.

Vanquished Creatures (others)
  An orc priest (D:6)
1 creature vanquished.

Grand Total: 125 creatures vanquished

Notes
Turn   | Place    | Note
--------------------------------------------------------------
     0 | D:1      | hyperkellhus the Kobold Monk began the quest for the Orb.
     0 | D:1      | Reached XP level 1. HP: 14/14 MP: 1/1
    65 | D:1      | Reached XP level 2. HP: 9/19 MP: 2/2
   651 | D:1      | Reached XP level 3. HP: 13/23 MP: 3/3
   864 | D:1      | Reached skill level 5 in Unarmed Combat
  1532 | D:2      | Reached XP level 4. HP: 28/28 MP: 4/4
  2821 | D:3      | Reached XP level 5. HP: 32/32 MP: 5/5
  2937 | D:3      | Found a sacrificial altar of Ru.
  2940 | D:3      | Reached skill level 6 in Unarmed Combat
  3253 | D:4      | Noticed Grinder
  3290 | D:4      | Paralysed by Grinder for 3 turns
  3358 | D:4      | Noticed Sigmund
  3713 | D:3      | Gained mutation: You are resistant to electric shocks. [potion of mutation]
  3713 | D:3      | Gained mutation: You have a pair of small horns on your head. [potion of mutation]
  3713 | D:3      | Gained mutation: You are resistant to hostile enchantments. [potion of mutation]
  3727 | D:4      | Killed Sigmund
  3727 | D:4      | Reached skill level 7 in Unarmed Combat
  3727 | D:4      | Reached XP level 6. HP: 34/37 MP: 6/6
  4286 | D:4      | Reached XP level 7. HP: 22/41 MP: 7/7
  4451 | D:4      | Reached skill level 8 in Unarmed Combat
  4552 | D:4      | Noticed Blork the orc
  4566 | D:4      | Killed Blork the orc
  4774 | D:4      | Found Ydaun's Magic Scroll Shoppe.
  4805 | D:4      | Found Gixtynes's Distillery.
  4818 | D:4      | Bought a potion of curing for 39 gold pieces
  4913 | D:4      | Noticed Grinder
  4913 | D:4      | Grinder changed into Grinder the crimson imp
  4921 | D:4      | Killed Grinder the crimson imp
  4962 | D:4      | Found Sagef's Assorted Antiques.
  5101 | D:4      | Noticed Edmund
  5924 | D:4      | Killed Edmund
  5924 | D:4      | Reached skill level 9 in Unarmed Combat
  5924 | D:4      | Reached XP level 8. HP: 31/46 MP: 8/8
  6022 | D:5      | Entered Level 5 of the Dungeon
  6226 | D:5      | Found a shattered altar of Ashenzari.
  6368 | D:5      | Found a sparkling altar of Nemelex Xobeh.
  6467 | D:5      | Found a staircase to the Ecumenical Temple.
  6532 | Temple   | Entered the Ecumenical Temple
  6753 | Temple   | Became a worshipper of Dithmenos the Shadowed
  6753 | Temple   | Acquired Dithmenos's first power
  7128 | D:6      | Reached skill level 10 in Unarmed Combat
  7226 | D:6      | Mangled by an orc warrior

Vault maps used:
D:1:      dpeg_arrival_simpleton_b
D:2:      minivault_4
D:3:      nicolae_ru_great_annihilating_truth
D:4:      serial_shops, shop_statue, shop, nicolae_shop_crystal,
          roderic_roman_lattice, sigmund_edmund_badplayer, uniq_blork_the_orc,
          uniq_grinder
D:5:      nemelex_xobeh_ov_fountains_minmay,
          minmay_temple_entry_statues_fountains, first_bread, st_stairs_11,
          evilmike_ruin_ashenzari
D:6:      grunt_temple_overflow_holy_war, lemuel_round_altar, minivault_11
Temple:   eino_temple_water_12

Action                   |  1- 3 |  4- 6 |  7- 9 || total
-------------------------+-------+-------+-------++-------
Melee: Unarmed           |    81 |   171 |   137 ||   389
 Fire: Blowgun           |       |       |    11 ||    11
Evoke: Wand              |       |       |     2 ||     2
  Use: Potion            |       |     2 |       ||     2
 Stab: Sleeping          |     6 |     6 |     8 ||    20
       Distracted        |       |     1 |       ||     1
       Paralysed         |       |     2 |       ||     2
  Eat: Chunk             |    10 |     7 |    11 ||    28
